 Dungeon Crawl Stone Soup version 0.31-a0-1098-g6898e6545c (webtiles) character file.

Game seed: 1400924034996747530

151 Dirtsage the Ruffian (level 5, -1/37 HPs)
             Began as an Octopode Fighter on Nov 30, 2023.
             Slain by a gnoll
             ... wielding a +0 spear
              (5 damage)
             ... on level 3 of the Dungeon.
             The game lasted 00:03:12 (1558 turns).

Dirtsage the Ruffian (Octopode Fighter)             Turns: 1558, Time: 00:03:12

Health: -1/37      AC:  1    Str: 15    XL:     5   Next: 33%
Magic:  5/5        EV: 14    Int: 10    God:
Gold:   236        SH:  5    Dex: 14    Spells: 4/4 levels left

rFire   + .          .
                       - Unarmed
rCold   . . .        a - +0 buckler
rNeg    . . .        (helmet restricted)
rPois   .            (no amulet)
rElec   .            F - ring of protection from fire
rCorr   .            (no ring)
SInv    .            (no ring)
Will    .....        (no ring)
Stlth   ++           (no ring)
HPRegen 0.26/turn    (no ring)
MPRegen 0.09/turn    (no ring)
                     (no ring)

%: no passive effects
@: no status effects
A: almost no armour, amphibious, 8 rings, camouflage 1, gelatinous body 1,
(nimble swimmer 1), tentacles
a: no special abilities


You were on level 3 of the Dungeon.
You visited 1 branch of the dungeon, and saw 3 of its levels.

You collected 236 gold pieces.

Inventory:

Armour
 a - a +0 buckler (worn)
Jewellery
 F - a ring of protection from fire (left tentacle)
Talismans
 l - a flux talisman
Scrolls
 c - a scroll of noise {unknown}
 e - a scroll of enchant weapon {unknown}
 f - 2 scrolls of amnesia {unknown}
 g - a scroll of enchant armour {unknown}
 i - 2 scrolls of poison {unknown}
Potions
 b - a potion of resistance {unknown}
 d - a potion of might
 j - a potion of lignification {unknown}
 k - a potion of invisibility {unknown}
 m - a potion of haste {unknown}
 n - a potion of brilliance {unknown}


   Skills:
 + Level 3.8 Fighting
 + Level 3.8 Dodging
 - Level 3.0 Shields
 * Level 4.0 Unarmed Combat


You had 4 spell levels left.
You didn't know any spells.
Your spell library contained the following spells:

 Spells                   Type           Power      Damage    Failure   Level
 Summon Guardian Golem    Hex/Summ       0%         N/A       83%         3
 Orb of Destruction       Conj           0%         9d5       100%        7
 Spellforged Servitor     Conj/Summ      0%         N/A       100%        7


Dungeon Overview and Level Annotations

Branches:
Dungeon (3/15)

Altars:
Ashenzari


Innate Abilities, Weirdness & Mutations

You cannot wear most types of armour.
You are amphibious.
You can wear up to eight rings at the same time.
Your skin changes colour to match your surroundings (Stealth+).
Your rubbery body absorbs attacks. (AC +1, EV +1)
((You are camouflaged when in or above water. (Stealth+)))
You have tentacles for arms and can constrict up to eight enemies at once.


Message History

The gnoll attacks as it pursues you!
The gnoll hits you from afar with a +0 spear!
Items here: ))) [ ††††.
You take 7 damage, and have 25/37 hp.
The gnoll hits you with a +0 spear!
You take 9 damage, and have 17/37 hp.
MASSIVE DAMAGE!!
The gnoll shouts!
You tentacle-slap the gnoll. You grab the gnoll.
The gnoll is lightly wounded.
You constrict the gnoll, but do no damage.
You block the gnoll's attack.
You tentacle-slap the gnoll.
The gnoll is heavily wounded.
You constrict the gnoll. The gnoll barely misses you.
You block the gnoll's attack.
You tentacle-slap the gnoll.
The gnoll is almost dead.
You constrict the gnoll.
You kill the gnoll!
The gnoll hits you from afar with a +0 spear!
* * * LOW HITPOINT WARNING * * *
You take 6 damage, and have 11/37 hp.
You tentacle-slap the gnoll. You grab the gnoll. You squeeze the gnoll.
The gnoll is heavily wounded.
You constrict the gnoll.
The gnoll hits you from afar with a +0 spear.
* * * LOW HITPOINT WARNING * * *
The gnoll hits you with a +0 club.
* * * LOW HITPOINT WARNING * * *
You take 8 damage, and have 3/37 hp.
MASSIVE DAMAGE!!
You bludgeon the gnoll!
You kill the gnoll!
The gnoll barely misses you.
Your Unarmed Combat skill increases to level 4!
It was a potion of cancellation.
You feel magically purged. You block the gnoll's attack.
You barely miss the gnoll. You grab the gnoll. You constrict the gnoll.
The gnoll misses you.
The gnoll hits you from afar with a +0 spear.
You die...

#.....###...#(#
#?....#..#....#
#.....#...#...#
#.#...#.#......##
...#.#...#......#
................# ######
...######.......#
##......# ###
#......####........ ##
#.....gg@........(. .#
#.....###.......... .###
####### #........# ...#
##.......# .#.# #.......#
...# #####......# #..##
###..........#
#..>#########.).##.......#
#.#.#.........####......<#


You could see 2 gnolls.

Vanquished Creatures
  Jessica (D:2)
  Natasha (D:3)
  Terence (D:2)
  2 gnolls (D:3)
  A dart slug (D:1)
  3 orcs (D:3)
  5 endoplasms (D:1)
  11 goblins
  4 hobgoblins
  3 ball pythons (D:1)
  6 bats
  3 frilled lizards
  4 kobolds
  8 rats
53 creatures vanquished.

Notes
Turn   | Place    | Note
-------+----------+-------------------------------------------
     0 | D:1      | Dirtsage the Octopode Fighter began the quest for the Orb.
     0 | D:1      | Reached XP level 1. HP: 16/16 MP: 1/1
   172 | D:1      | Reached XP level 2. HP: 21/21 MP: 2/2
   463 | D:1      | Found a faded altar of an unknown god.
   528 | D:1      | Reached XP level 3. HP: 26/26 MP: 3/3
   996 | D:2      | Noticed Jessica
  1006 | D:2      | Killed Jessica
  1007 | D:2      | Reached skill level 3 in Unarmed Combat
  1007 | D:2      | Reached XP level 4. HP: 16/31 MP: 4/4
  1106 | D:2      | Found a broken altar of Ashenzari.
  1111 | D:2      | Noticed Terence
  1122 | D:2      | Killed Terence
  1476 | D:3      | Noticed Natasha
  1481 | D:3      | Killed Natasha
  1482 | D:3      | Reached XP level 5. HP: 27/37 MP: 5/5
  1557 | D:3      | Reached skill level 4 in Unarmed Combat
  1558 | D:3      | Slain by a gnoll

Illustrated notes

Levels and vault maps discovered:
D:1:      dpeg_arrival_boxes_within_box, layout_rooms, basic_ecumenical_altar,
          minmay_box_of_dots
D:2:      layout_rooms, basic_altar, uniq_jessica, uniq_terence
D:3:      layout_rooms, minmay_splitting_lines, grunt_decor_fettered,
          minmay_circle_x, uniq_natasha, uniq_sigmund, uniq_crazy_yiuf_cottage

Skill      XL: |  1  2  3  4  5 |
---------------+----------------+-----
Unarmed Combat | 3 4 |  4.0
Fighting       | |  3.8
Dodging        | |  3.8
Shields        | |  3.0

Action                     |  1- 3 |  4- 6 || total
---------------------------+-------+-------++-------
  Melee: Unarmed           |    62 |    43 ||   105
         Constrict         |    16 |    17 ||    33
         Tentacles         |    13 |     7 ||    20
         Punch             |     1 |     2 ||     3
    Use: Potion            |       |     1 ||     1
   Stab: Sleeping          |     8 |     1 ||     9
 Armour: Skin              |    22 |    21 ||    43
  Dodge: Dodged            |    30 |    23 ||    53
  Block: Buckler           |     6 |    10 ||    16

Table legend: (Time is in decaauts)
 A = Elapsed time spent in this place.
 B = Non-inter-level travel time spent in this place.
 C = Inter-level travel time spent in this place.
 D = Time resting spent in this place.
 E = Time spent auto-exploring this place.
 F = Levels seen in this place.
 G = Mean time per level.
                   A        B        C        D        E       F      G
               +--------+--------+--------+--------+--------+-----+--------+
         Total |   1555 |   1485 |     70 |      0 |   1195 |   3 |  518.3 |
       Dungeon |   1555 |   1485 |     70 |      0 |   1195 |   3 |  518.3 |
               +--------+--------+--------+--------+--------+-----+--------+

Top non-repeatable levels by time:
     D:1: 800 daAuts
     D:2: 570 daAuts
     D:3: 184 daAuts
